 Dungeon Crawl Stone Soup version 0.21-a0-185-g3a6ed1e (webtiles) character file.

4826 seren the Blocker (level 10, -5/79 HPs)
             Began as a Formicid Fighter on Aug 12, 2017.
             Was a Priest of Okawaru.
             Slain by a seven-headed hydra (10 damage)
             ... on level 9 of the Dungeon.
             The game lasted 00:25:15 (8682 turns).

seren the Blocker (Formicid Fighter)                Turns: 8682, Time: 00:25:18

Health: -5/79      AC: 14    Str: 23    XL:     10   Next: 77%
Magic:  12/14      EV: 12    Int:  8    God:    Okawaru [***...]
Gold:   586        SH: 13    Dex: 11    Spells: 9/9 levels left

rFire    . . .     SeeInvis +   b - +0 falchion (flame)
rCold    . . .     Gourm    .   c - +0 shield
rNeg     + . .     Faith    .   i - +0 chain mail
rPois    +         Spirit   .   (helmet unavailable)
rElec    .         Reflect  .   (no cloak)
rCorr    .         Harm     .   p - +0 pair of gloves
MR       +....                  z - +0 pair of boots
Stlth    +.........             (no amulet)
HPRegen  0.23/turn              A - ring "Ynkan" {rPois rN+ Stlth+}
MPRegen  0.14/turn              (no ring)

@: heroism
A: permanent stasis, dig shafts and tunnels, four strong arms, antennae 3
a: Dig, Shaft Self, Heroism, Renounce Religion


You were on level 9 of the Dungeon.
You worshipped Okawaru.
Okawaru was most pleased with you.
You were hungry.

You visited 3 branches of the dungeon, and saw 13 of its levels.

You collected 616 gold pieces.
You spent 30 gold pieces at shops.

Inventory:

Hand Weapons
 a - a +0 war axe
 b - a +0 falchion of flaming (weapon)
Missiles
 o - 10 tomahawks (quivered)
 s - 109 bolts
Armour
 c - a +0 shield (worn)
 i - a +0 chain mail (worn)
 p - a +0 pair of gloves (worn)
 t - a +0 plate armour
 z - a +0 pair of boots (worn)
Magical Staves
 d - an uncursed staff of earth
Jewellery
 A - the ring "Ynkan" (left hand) {rPois rN+ Stlth+}
   (You found it on level 7 of the Dungeon)

   [ring of poison resistance]

   It protects you from poison.
   It protects you from negative energy.
   It makes you more stealthy.
Wands
 l - a wand of flame (30/48)
 D - a wand of paralysis (15/24)
 J - a wand of scattershot (4/9)
Scrolls
 h - 2 scrolls of magic mapping {unknown}
 j - 2 scrolls of enchant armour {unknown}
 k - 3 scrolls of fog
 m - a scroll of noise {unknown}
 q - 4 scrolls of remove curse
 r - a scroll of amnesia {unknown}
 u - a scroll of random uselessness {unknown}
 v - 2 scrolls of brand weapon {unknown}
 y - a scroll of blinking {unknown}
 C - a scroll of recharging {unknown}
Potions
 e - 5 potions of lignification
 g - 4 potions of brilliance
 w - a potion of mutation {!q}
 x - 2 potions of curing
 B - a potion of flight
Books
 H - a book of Debilitation

   Spells                             Type                      Level
   a - Corona                         Hexes                        1
   b - Slow                           Hexes                        2
   c - Inner Flame                    Hexes/Fire                   3
   d - Portal Projectile              Hexes/Translocation          3
   e - Cause Fear                     Hexes                        4
   f - Leda's Liquefaction            Hexes/Earth                  4
Comestibles
 f - 7 bread rations
 n - 9 meat rations
 E - 12 fruits
 F - 4 royal jellies
 G - 3 chunks of flesh


   Skills:
 + Level 7.3(12.3) Fighting
 + Level 8.1(13.1) Axes
 + Level 5.6(10.6) Armour
 + Level 2.7(7.7) Dodging
 - Level 9.0(14.0) Shields
 - Level 6.1 Invocations
 + Level 5.7 Evocations


You had 9 spell levels left.
You didn't know any spells.

Dungeon Overview and Level Annotations

Branches:
Dungeon (11/15)            Temple (1/1) D:6            Lair (1/6) D:10
    Orc: D:9-12

Altars:
Ashenzari
Cheibriados
Dithmenos
Elyvilon
Fedhas
Gozag
Kikubaaqudgha
Makhleb
Nemelex Xobeh
Okawaru
Qazlal
Ru
Sif Muna
Trog
Uskayaw
Vehumet
Wu Jian
Xom
Yredelemnul
Zin
The Shining One

Shops:
D:4 =   D:5 ?

Annotations:
Lair:1 exclusion: oklob plant


Innate Abilities, Weirdness & Mutations

You cannot be hasted, slowed, berserked, paralysed or teleported.
You can dig through walls and to a lower floor.
Your four strong arms can wield two-handed weapons with a shield.
You have a pair of large antennae on your head. (SInv)


Message History

The seven-headed hydra bites you but does no damage.
The seven-headed hydra barely misses you.
The seven-headed hydra closely misses you.
You block the seven-headed hydra's attack.
You are too injured to fight recklessly!
Are you sure you want to shaft yourself?
You are feeling hungry.
The seven-headed hydra bites you!
* * * LOW HITPOINT WARNING * * *
You block the seven-headed hydra's attack.
The seven-headed hydra bites you but does no damage.
The seven-headed hydra bites you.
* * * LOW HITPOINT WARNING * * *
The seven-headed hydra bites you but does no damage.
The seven-headed hydra closely misses you.
The seven-headed hydra bites you!
* * * LOW HITPOINT WARNING * * *
You begin to dig a shaft.
You continue digging a shaft.
The seven-headed hydra bites you!
You die...

#...## ##...## ..#
##...# ..# #...##
..## #....# ...#
#..(.## ...##
#.....######....###
#........##D.......
#.......(...@.......
#........(..........
#..........)........
#...................
#....................
.....................
.....#.........#####
..####.....####
#....##


You could see a seven-headed hydra.

Vanquished Creatures
  A hydra (D:8)
  A komodo dragon (D:10)
  2 dream sheep (D:8)
  2 wyverns (D:8)
  2 yaks (D:8)
  A hungry ghost (D:7)
  2 orc warriors
  An ice beast (D:6)
  A sky beast (D:8)
  2 black bears (D:7)
  3 ogres
  2 centaurs
  4 big kobolds
  4 bullfrogs
  3 scorpions
  3 killer bees (D:7)
  2 howler monkeys (D:8)
  3 crimson imps
  2 hounds
  A jelly (D:9)
  A centaur skeleton (D:5)
  8 orc priests
  An orc wizard (D:6)
  2 bullfrog skeletons
  2 iguanas
  Ijyb (D:5)
  7 worker ants
  A hound zombie (D:6)
  6 adders
  3 shadow imps
  An ooze (D:5)
  2 adder skeletons (D:6)
  2 worms
  A dart slug (D:5)
  7 leopard geckos
  31 orcs
  5 bats
  5 giant cockroaches
  4 goblins
  6 hobgoblins
  14 jackals
  2 quokkas
  4 frilled lizards
  8 kobolds
  4 rats
  5 plants (D:10)
175 creatures vanquished.

Vanquished Creatures (others)
  A plant (D:10)
1 creature vanquished.

Grand Total: 176 creatures vanquished

Notes
Turn   | Place    | Note
-------+----------+-------------------------------------------
     0 | D:1      | seren the Formicid Fighter began the quest for the Orb.
     0 | D:1      | Reached XP level 1. HP: 18/18 MP: 1/1
   137 | D:1      | Reached XP level 2. HP: 23/24 MP: 2/2
   216 | D:1      | Reached skill level 4 in Shields
   885 | D:2      | Reached XP level 3. HP: 28/29 MP: 3/3
  1279 | D:3      | Reached XP level 4. HP: 36/36 MP: 4/4
  1730 | D:3      | Reached XP level 5. HP: 41/42 MP: 5/5
  2168 | D:5      | Entered Level 5 of the Dungeon
  2480 | D:4      | Noticed an ogre
  2487 | D:4      | Killed an ogre
  2487 | D:4      | Reached XP level 6. HP: 35/49 MP: 6/6
  3012 | D:4      | Found Nuun's Jewellery Emporium.
  3037 | D:5      | Reached skill level 5 in Shields
  3511 | D:5      | Reached skill level 5 in Axes
  3511 | D:5      | Reached XP level 7. HP: 55/55 MP: 7/7
  3543 | D:5      | Found Xesao's Magic Scroll Boutique.
  3551 | D:5      | Bought a scroll of fog for 30 gold pieces
  4122 | D:5      | Reached skill level 6 in Shields
  4526 | D:5      | Noticed Ijyb
  4547 | D:5      | Killed Ijyb
  4733 | D:6      | Reached XP level 8. HP: 56/61 MP: 8/8
  5071 | D:6      | Reached skill level 1 in Evocations
  5147 | D:6      | Found a staircase to the Ecumenical Temple.
  5155 | Temple   | Entered the Ecumenical Temple
  5216 | Temple   | Became a worshipper of Warmaster Okawaru
  5327 | D:6      | Reached skill level 1 in Invocations
  5346 | D:6      | Found a radiant altar of Vehumet.
  5999 | D:7      | Reached * piety under Okawaru
  6005 | D:7      | Reached skill level 5 in Invocations
  6088 | D:7      | Reached XP level 9. HP: 57/67 MP: 12/12
  6172 | D:7      | Reached skill level 5 in Fighting
  6172 | D:7      | Reached skill level 7 in Shields
  6389 | D:7      | Got a flickering copper ring
  6391 | D:7      | Identified the ring "Ynkan" {rPois rN+ Stlth+} (You found it on level 7 of the Dungeon)
  6876 | D:7      | Reached skill level 8 in Shields
  7083 | D:8      | Reached ** piety under Okawaru
  7320 | D:8      | Reached skill level 9 in Shields
  7519 | D:8      | Reached skill level 1 in Dodging
  7519 | D:8      | Reached XP level 10. HP: 77/77 MP: 13/13
  7754 | D:8      | Noticed a three-headed hydra
  7761 | D:8      | Killed a one-headed hydra
  7761 | D:8      | Reached *** piety under Okawaru
  7761 | D:8      | Reached skill level 5 in Armour
  7761 | D:8      | Reached skill level 5 in Evocations
  8170 | D:10     | Entered Level 10 of the Dungeon
  8254 | D:10     | Found a staircase to the Lair.
  8254 | D:10     | Noticed a komodo dragon
  8269 | D:10     | Killed a komodo dragon
  8287 | Lair:1   | Entered Level 1 of the Lair of Beasts
  8287 | Lair:1   | Noticed an oklob plant
  8674 | D:9      | Noticed a seven-headed hydra
  8682 | D:9      | Slain by a seven-headed hydra

Vault maps used:
D:1:      matt_arrival_spirals, minmay_curled_crystal
D:2:      minmay_misc_feat_chi
D:3:      first_bread, st_stairs_5
D:4:      serial_shops, shop
D:5:      serial_shops, shop, uniq_ijyb
D:6:      minmay_temple_entry_statues, basic_altar
D:8:      hangedman_ranch
D:9:      overflow_temple_1_default, serial_shops, shop, uniq_pikel
D:10:     david_lair_shrubbed
D:11:     orc_0_dummy
Temple:   nicolae_temple_the_god_donut
Lair:1:   dpeg_stationary_puzzle, grunt_megastairs_3

Skill      XL: |  1  2  3  4  5  6  7  8  9 10 |
---------------+-------------------------------+-----
Shields        | 4 5 6 9 |  9.0
Axes           | 3 4 5 6 7 8 |  8.1
Armour         | 4 5 |  5.6
Fighting       | 4 6 7 |  7.3
Evocations     | 2 4 5 |  5.7
Invocations    | 5 6 |  6.1
Dodging        | 1 2 |  2.7

Action                   |  1- 3 |  4- 6 |  7- 9 | 10-12 || total
-------------------------+-------+-------+-------+-------++-------
Melee: War axe           |    91 |   186 |   451 |   167 ||   895
       Falchion          |       |       |       |     7 ||     7
Invok: Heroism           |       |       |     3 |     3 ||     6
 Abil: Dig               |       |     1 |     7 |     3 ||    11
       Shaft Self        |       |       |       |     1 ||     1
Evoke: Wand              |       |       |       |     1 ||     1
  Use: Scroll            |       |     3 |     7 |     1 ||    11
       Potion            |       |     1 |     1 |       ||     2
 Stab: Paralysed         |       |       |       |     3 ||     3
  Eat: Chunk             |     1 |     8 |    13 |     4 ||    26
       Meat ration       |       |       |     1 |       ||     1
Armor: Scale mail        |    22 |       |       |       ||    22
       Chain mail        |    16 |   100 |   150 |    41 ||   307
       Skin              |       |       |     5 |       ||     5
Dodge: Dodged            |    23 |    44 |    96 |    33 ||   196
Block: Shield            |    59 |   106 |   211 |    69 ||   445
       Rpst.: Falchion   |       |       |       |     1 ||     1
